General information
- name: BNet
- type: Ladder team game (AT/RT)
- host: Battle.net
- saver: DeTikkeFortryde
map: Deadlands
- players: 8
- length: 25:27
- speed: Fast
- version: 1.26 W3XP
- replay type: Public
» download(208 KB)
Players
team 1 (winner)
kyran1062 (
red | 26 APM | 649 actions | 25:23)
6 Demon Hunter
2 Evasion
2 Immolation
1 Mana Burn
1 Metamorphosis
» actions
| Assign group hotkey | 1 | |
| Build / train | 74 | |
| Enter build submenu | 13 | |
| Enter hero's abilities submenu | 6 | |
| Remove unit from queue | 12 | |
| Right click | 353 | |
| Select / deselect | 163 | |
| Select group hotkey | 1 | |
| Use ability | 25 | |
649 total
» units
| Wisp | 9 | |
| Archer | 6 | |
| Huntress | 31 | |
| Glaive Thrower | -1 | |
45 total
» upgrades
| Strength of the Moon | 3 | |
| Moon Armor | 3 | |
| Upgrade Moon Glaive | 1 | |
| Marksmanship | 1 | |
8 total
» buildings
| Altar of Elders | 1 | |
| Moon Well | 5 | |
| Ancient of War | 2 | |
| Hunter's Hall | 1 | |
| Tree of Ages | 1 | |
| Tree of Eternity | 1 | |
| Ancient of Wind | 1 | |
| Tree of Life | 2 | |
14 total
» build order
00:25 Altar of Elders
00:28 Moon Well
00:35 Ancient of War
02:30 Moon Well
04:05 Hunter's Hall
04:11 Moon Well
05:14 Moon Well
06:05 Tree of Ages
08:30 Tree of Eternity
08:54 Moon Well
12:27 Ancient of Wind
15:16 Tree of Life
20:17 Ancient of War
20:24 Tree of Life
DeTikkeFortryde (
purple | 101 APM | 2563 actions | 25:27)
6 Archmage
3 Summon Water Elemental
2 Brilliance Aura
1 Mass Teleport
» actions
| Assign group hotkey | 56 | |
| Basic commands | 160 | |
| Build / train | 210 | |
| ESC pressed | 13 | |
| Enter build submenu | 85 | |
| Enter hero's abilities submenu | 6 | |
| Give item / drop item | 1 | |
| Right click | 745 | |
| Select / deselect | 482 | |
| Select group hotkey | 568 | |
| Use ability | 237 | |
2563 total
» units
| Peasant | 25 | |
| Footman | 18 | |
| Goblin Shredder | 8 | |
| Dragonhawk Rider | 3 | |
| Gryphon Rider | 1 | |
| Goblin Zeppelin | 2 | |
57 total
» upgrades
| Masonry | 3 | |
| Lumber Harvesting | 2 | |
| Swords | 3 | |
| Armor | 3 | |
| Storm Hammers | 1 | |
| Animal War Training | 1 | |
| Cloud | 1 | |
| Backpack | 1 | |
| Flak Cannons | 1 | |
| Flying Machine Bombs | 1 | |
| Barrage | 1 | |
| Fragmentation Shards | 1 | |
| Magic Sentry | 1 | |
| Plating | 2 | |
| Gunpowder | 1 | |
| Defend | 1 | |
| Long Rifles | 1 | |
| Sorceress Training | 2 | |
| Priest Training | 1 | |
| Control Magic | 1 | |
| Flare | 1 | |
30 total
» buildings
| Altar of Kings | 1 | |
| Barracks | 1 | |
| Farm | 8 | |
| Arcane Vault | 1 | |
| Town Hall | 2 | |
| Scout Tower | 55 | |
| Lumber Mill | 1 | |
| Keep | 3 | |
| Arcane Tower | 9 | |
| Guard Tower | 70 | |
| Blacksmith | 1 | |
| Castle | 3 | |
| Gryphon Aviary | 6 | |
| Arcane Sanctum | 1 | |
| Workshop | 4 | |
166 total
» build order
00:05 Altar of Kings
00:09 Barracks
00:15 Farm
00:56 Farm
01:33 Farm
04:11 Farm
04:53 Arcane Vault
05:11 Farm
06:07 Farm
07:33 Town Hall
07:39 Scout Tower
07:41 Scout Tower
07:43 Lumber Mill
07:55 Scout Tower
08:01 Keep
08:02 Keep
08:02 Keep
08:09 Arcane Tower
08:09 Arcane Tower
08:13 Scout Tower
08:28 Guard Tower
08:45 Arcane Tower
08:50 Scout Tower
09:33 Blacksmith
09:52 Guard Tower
09:52 Guard Tower
10:20 Scout Tower
10:22 Scout Tower
10:29 Town Hall
10:31 Scout Tower
10:33 Scout Tower
10:44 Scout Tower
10:46 Scout Tower
10:48 Guard Tower
10:49 Arcane Tower
10:49 Arcane Tower
10:52 Scout Tower
10:55 Scout Tower
11:01 Guard Tower
11:15 Scout Tower
11:16 Scout Tower
11:17 Scout Tower
11:19 Scout Tower
11:21 Castle
11:21 Castle
11:28 Guard Tower
11:28 Guard Tower
11:41 Scout Tower
11:42 Scout Tower
11:42 Scout Tower
11:43 Scout Tower
11:44 Scout Tower
11:45 Scout Tower
11:45 Scout Tower
12:00 Guard Tower
12:08 Guard Tower
12:12 Guard Tower
12:12 Guard Tower
12:12 Guard Tower
12:17 Gryphon Aviary
12:19 Guard Tower
12:22 Scout Tower
12:24 Scout Tower
12:27 Scout Tower
12:33 Gryphon Aviary
12:51 Guard Tower
12:52 Guard Tower
12:53 Guard Tower
12:53 Guard Tower
12:54 Guard Tower
12:54 Guard Tower
12:58 Gryphon Aviary
13:00 Gryphon Aviary
13:24 Farm
13:30 Scout Tower
13:31 Scout Tower
13:32 Scout Tower
13:32 Scout Tower
13:33 Scout Tower
13:36 Scout Tower
13:46 Scout Tower
13:46 Scout Tower
13:47 Scout Tower
13:49 Scout Tower
13:50 Scout Tower
14:02 Guard Tower
14:02 Guard Tower
14:03 Guard Tower
14:16 Guard Tower
14:16 Guard Tower
14:25 Guard Tower
14:25 Guard Tower
14:26 Guard Tower
14:34 Guard Tower
14:35 Guard Tower
16:09 Farm
16:11 Scout Tower
16:12 Scout Tower
16:13 Scout Tower
16:41 Guard Tower
16:41 Guard Tower
16:43 Guard Tower
16:44 Guard Tower
18:41 Gryphon Aviary
18:41 Gryphon Aviary
19:35 Scout Tower
19:37 Scout Tower
19:40 Scout Tower
19:42 Scout Tower
19:44 Scout Tower
19:45 Scout Tower
19:47 Scout Tower
19:49 Scout Tower
19:51 Scout Tower
20:03 Guard Tower
20:04 Guard Tower
20:06 Scout Tower
20:07 Guard Tower
20:07 Guard Tower
20:07 Guard Tower
20:09 Guard Tower
20:09 Guard Tower
20:10 Guard Tower
20:11 Guard Tower
20:11 Guard Tower
20:12 Scout Tower
20:15 Scout Tower
20:17 Scout Tower
20:24 Scout Tower
20:33 Arcane Sanctum
20:38 Workshop
20:39 Workshop
20:39 Workshop
20:40 Workshop
20:45 Guard Tower
20:46 Guard Tower
20:46 Guard Tower
21:44 Guard Tower
» items
| Scroll of Regeneration | 4 | |
| Periapt of Vitality | 1 | |
| Staff of Teleportation | 1 | |
| Potion of Healing | 1 | |
| Scroll of Town Portal | 1 | |
8 total

»
AngryBuildings (
blue | 113 APM | 2860 actions | 25:23)
6 Warden
3 Shadow Strike
2 Blink
1 Spirit of Vengeance
» actions
| Assign group hotkey | 44 | |
| Basic commands | 70 | |
| Build / train | 61 | |
| ESC pressed | 2 | |
| Enter build submenu | 41 | |
| Enter hero's abilities submenu | 6 | |
| Give item / drop item | 3 | |
| Right click | 1419 | |
| Select / deselect | 425 | |
| Select group hotkey | 679 | |
| Use ability | 104 | |
2860 total
» units
| Wisp | 33 | |
| Druid of the Talon | 5 | |
38 total
» upgrades
| Strength of the Wild | 3 | |
| Druid of the Talon Training | 2 | |
| Reinforced Hides | 3 | |
| Mark of the Talon | 1 | |
| Well Spring | 1 | |
| Nature's Blessing | 1 | |
11 total
» buildings
| Altar of Elders | 1 | |
| Moon Well | 8 | |
| Ancient of War | 3 | |
| Tree of Ages | 2 | |
| Hunter's Hall | 2 | |
| Ancient of Wind | 6 | |
| Tree of Eternity | 2 | |
| Tree of Life | 2 | |
| Ancient Protector | 13 | |
| Ancient of Wonders | 1 | |
40 total
» build order
00:06 Altar of Elders
00:16 Moon Well
00:41 Ancient of War
01:26 Moon Well
02:54 Tree of Ages
02:55 Tree of Ages
04:31 Ancient of War
04:58 Hunter's Hall
05:00 Moon Well
05:19 Ancient of Wind
05:20 Ancient of Wind
05:22 Ancient of Wind
05:24 Ancient of Wind
05:45 Hunter's Hall
05:57 Moon Well
07:47 Tree of Eternity
07:48 Tree of Eternity
10:49 Tree of Life
10:59 Ancient Protector
10:59 Ancient Protector
11:00 Ancient Protector
12:17 Tree of Life
12:34 Ancient Protector
12:39 Ancient Protector
14:58 Ancient of Wonders
16:34 Ancient of Wind
16:35 Ancient of Wind
18:04 Moon Well
18:05 Moon Well
18:06 Moon Well
18:11 Moon Well
19:51 Ancient Protector
19:52 Ancient Protector
19:54 Ancient Protector
19:58 Ancient Protector
20:02 Ancient Protector
20:02 Ancient Protector
20:04 Ancient Protector
20:49 Ancient Protector
20:59 Ancient of War
» items

»
Chunknaxun (
orange | 36 APM | 903 actions | 25:23)
6 Blood Mage
3 Flame Strike
2 Siphon Mana
1 Summon Phoenix
» actions
| Assign group hotkey | 12 | |
| Build / train | 51 | |
| Enter build submenu | 27 | |
| Enter hero's abilities submenu | 6 | |
| Remove unit from queue | 1 | |
| Right click | 374 | |
| Select / deselect | 139 | |
| Select group hotkey | 256 | |
| Use ability | 37 | |
903 total
» units
| Peasant | 10 | |
| Footman | 3 | |
| Rifleman | 8 | |
| Gryphon Rider | 8 | |
| Knight | 2 | |
31 total
» upgrades
| Lumber Harvesting | 2 | |
| Armor | 2 | |
| Swords | 3 | |
| Storm Hammers | 1 | |
| Animal War Training | 1 | |
| Long Rifles | 1 | |
10 total
» buildings
| Altar of Kings | 1 | |
| Farm | 16 | |
| Barracks | 1 | |
| Lumber Mill | 1 | |
| Blacksmith | 1 | |
| Keep | 1 | |
| Arcane Vault | 1 | |
| Gryphon Aviary | 3 | |
| Castle | 1 | |
| Town Hall | 1 | |
27 total
» build order
00:11 Altar of Kings
00:15 Farm
00:44 Barracks
00:58 Lumber Mill
01:49 Farm
02:36 Blacksmith
02:45 Farm
03:31 Farm
04:11 Keep
04:15 Arcane Vault
05:20 Farm
06:04 Farm
07:03 Gryphon Aviary
07:07 Gryphon Aviary
07:15 Gryphon Aviary
07:20 Farm
07:48 Castle
08:04 Farm
08:51 Farm
09:28 Farm
10:47 Farm
11:35 Farm
15:10 Farm
15:56 Farm
22:39 Farm
23:20 Farm
23:28 Town Hall
team 2 (loser)

»
EA_Masterpiece (
yellow | 130 APM | 2984 actions | 22:52)
2 Demon Hunter
1 Mana Burn
1 Evasion
2 Firelord
1 Summon Lava Spawn
1 Soul Burn
» actions
| Assign group hotkey | 245 | |
| Basic commands | 138 | |
| Build / train | 89 | |
| ESC pressed | 3 | |
| Enter build submenu | 37 | |
| Enter hero's abilities submenu | 4 | |
| Right click | 1116 | |
| Select / deselect | 450 | |
| Select group hotkey | 810 | |
| Use ability | 89 | |
2984 total
» units
» upgrades
| Ultravision | 1 | |
| Strength of the Wild | 2 | |
| Reinforced Hides | 2 | |
| Abolish Magic | 1 | |
| Nature's Blessing | 1 | |
7 total
» buildings
| Moon Well | 7 | |
| Ancient of War | 16 | |
| Altar of Elders | 1 | |
| Hunter's Hall | 1 | |
| Tree of Life | 1 | |
| Ancient Protector | 5 | |
| Tree of Ages | 3 | |
| Ancient of Lore | 3 | |
| Ancient of Wind | 1 | |
| Ancient of Wonders | 1 | |
39 total
» build order
00:26 Moon Well
01:01 Ancient of War
01:34 Moon Well
01:56 Altar of Elders
04:07 Moon Well
04:29 Hunter's Hall
05:26 Moon Well
06:21 Moon Well
06:26 Tree of Life
07:24 Ancient Protector
07:33 Ancient Protector
07:34 Ancient Protector
07:35 Ancient Protector
08:02 Tree of Ages
08:03 Tree of Ages
10:34 Ancient Protector
10:35 Ancient of Lore
10:36 Ancient of Lore
10:56 Ancient of Lore
12:23 Ancient of Wind
12:44 Ancient of Wonders
14:11 Moon Well
14:11 Moon Well
16:47 Ancient of War
16:48 Ancient of War
16:49 Ancient of War
16:50 Ancient of War
16:51 Ancient of War
16:52 Ancient of War
16:53 Ancient of War
16:53 Ancient of War
17:43 Ancient of War
17:43 Ancient of War
17:52 Ancient of War
17:52 Ancient of War
17:53 Ancient of War
18:13 Ancient of War
18:55 Ancient of War
» items
FLAMECHAMP-MVP (
teal | 39 APM | 986 actions | 25:22)
5 Tauren Chieftain
3 Endurance Aura
2 Shockwave
» actions
| Assign group hotkey | 29 | |
| Basic commands | 1 | |
| Build / train | 41 | |
| Enter build submenu | 17 | |
| Enter hero's abilities submenu | 5 | |
| Give item / drop item | 5 | |
| Right click | 339 | |
| Select / deselect | 144 | |
| Select group hotkey | 335 | |
| Use ability | 70 | |
986 total
» units
| Peon | 12 | |
| Kodo Beast | 5 | |
| Goblin Shredder | 4 | |
| Dryad | 2 | |
23 total
» upgrades
| Spiked Barricades | 3 | |
| Reinforced Defenses | 1 | |
| War Drums Damage Increase | 1 | |
5 total
» buildings
| Altar of Storms | 1 | |
| Orc Burrow | 8 | |
| War Mill | 1 | |
| Stronghold | 1 | |
| Beastiary | 4 | |
| Fortress | 1 | |
| Watch Tower | 25 | |
| Voodoo Lounge | 1 | |
42 total
» build order
00:13 Altar of Storms
00:25 Orc Burrow
00:59 War Mill
02:27 Stronghold
04:42 Orc Burrow
04:42 Orc Burrow
04:53 Orc Burrow
05:22 Beastiary
05:26 Beastiary
05:28 Beastiary
05:54 Beastiary
05:57 Orc Burrow
06:00 Orc Burrow
06:07 Fortress
06:46 Orc Burrow
06:49 Orc Burrow
13:19 Watch Tower
13:19 Watch Tower
13:20 Watch Tower
13:20 Watch Tower
13:21 Watch Tower
13:21 Watch Tower
13:46 Watch Tower
13:46 Watch Tower
13:47 Watch Tower
13:47 Watch Tower
15:00 Watch Tower
15:00 Watch Tower
15:02 Watch Tower
15:02 Watch Tower
15:03 Watch Tower
15:03 Watch Tower
15:45 Voodoo Lounge
15:51 Watch Tower
15:52 Watch Tower
16:20 Watch Tower
16:21 Watch Tower
16:21 Watch Tower
16:56 Watch Tower
16:56 Watch Tower
16:57 Watch Tower
» items
| Staff of Teleportation | 1 | |
| Scroll of Town Portal | 2 | |
| Potion of Mana | 1 | |
| Potion of Healing | 1 | |
5 total

»
NEW_TROLL_HERE (
green | 50 APM | 1193 actions | 23:58)
3 Naga Sea Witch
2 Frost Arrows
1 Forked Lightning
2 Lich
1 Frost Nova
1 Dark Ritual
1 Death Knight
1 Death Coil
» actions
| Assign group hotkey | 19 | |
| Basic commands | 23 | |
| Build / train | 47 | |
| ESC pressed | 2 | |
| Enter build submenu | 18 | |
| Enter hero's abilities submenu | 7 | |
| Right click | 456 | |
| Select / deselect | 335 | |
| Select group hotkey | 225 | |
| Use ability | 61 | |
1193 total
» units
| Acolyte | 9 | |
| Ghoul | 5 | |
| Crypt Fiend | 5 | |
| Voidwalker | 1 | |
| Obsidian Statue | 3 | |
23 total
» upgrades
| Creature Carapace | 3 | |
| Web | 1 | |
| Burrow | 1 | |
| Creature Attack | 2 | |
| Destroyer Form | 1 | |
8 total
» buildings
| Crypt | 2 | |
| Graveyard | 1 | |
| Ziggurat | 11 | |
| Altar of Darkness | 2 | |
| Nerubian Tower | 2 | |
| Halls of the Dead | 1 | |
| Slaughterhouse | 2 | |
| Tomb of Relics | 1 | |
| Black Citadel | 1 | |
| Spirit Tower | 2 | |
| Necropolis | 1 | |
26 total
» build order
00:27 Crypt
00:29 Graveyard
00:47 Ziggurat
01:17 Ziggurat
01:20 Ziggurat
02:00 Altar of Darkness
02:29 Crypt
03:24 Nerubian Tower
05:22 Halls of the Dead
05:27 Ziggurat
08:11 Slaughterhouse
08:13 Slaughterhouse
09:29 Tomb of Relics
10:10 Black Citadel
11:57 Ziggurat
11:58 Ziggurat
11:59 Ziggurat
13:37 Nerubian Tower
13:38 Spirit Tower
18:45 Spirit Tower
19:18 Altar of Darkness
19:53 Necropolis
21:50 Ziggurat
21:51 Ziggurat
21:52 Ziggurat
21:53 Ziggurat
» items

»
Smile (
pink | 51 APM | 1258 actions | 24:53)
3 Priestess of the Moon
2 Trueshot Aura
1 Searing Arrows
» actions
| Assign group hotkey | 26 | |
| Basic commands | 30 | |
| Build / train | 103 | |
| Enter build submenu | 66 | |
| Enter hero's abilities submenu | 3 | |
| Give item / drop item | 4 | |
| Remove unit from queue | 1 | |
| Right click | 513 | |
| Select / deselect | 296 | |
| Select group hotkey | 126 | |
| Use ability | 90 | |
1258 total
» units
| Wisp | 58 | |
| Archer | 5 | |
| Druid of the Talon | 4 | |
| Faerie Dragon | 4 | |
| Hippogryph | 9 | |
80 total
» upgrades
| Nature's Blessing | 1 | |
| Ultravision | 1 | |
| Strength of the Wild | 2 | |
| Druid of the Talon Training | 2 | |
| Reinforced Hides | 1 | |
| Backpack | 1 | |
8 total
» buildings
| Altar of Elders | 2 | |
| Moon Well | 10 | |
| Ancient of War | 1 | |
| Tree of Ages | 4 | |
| Ancient of Wonders | 2 | |
| Hunter's Hall | 2 | |
| Tree of Life | 2 | |
| Ancient Protector | 39 | |
| Ancient of Wind | 2 | |
| Tree of Eternity | 1 | |
65 total
» build order
00:41 Altar of Elders
00:52 Moon Well
01:01 Ancient of War
02:44 Moon Well
03:12 Moon Well
04:11 Tree of Ages
04:12 Tree of Ages
04:12 Tree of Ages
04:52 Moon Well
05:23 Ancient of Wonders
05:40 Hunter's Hall
06:01 Tree of Life
06:27 Moon Well
06:55 Ancient Protector
07:29 Moon Well
08:09 Ancient Protector
08:14 Ancient Protector
08:57 Ancient of Wind
09:22 Ancient Protector
09:27 Ancient Protector
09:51 Ancient of Wonders
10:08 Tree of Eternity
10:55 Tree of Life
11:01 Ancient Protector
11:35 Ancient Protector
11:45 Ancient Protector
12:27 Ancient of Wind
12:34 Ancient Protector
12:59 Ancient Protector
13:27 Moon Well
13:29 Moon Well
13:33 Moon Well
14:04 Ancient Protector
15:53 Hunter's Hall
16:16 Moon Well
17:13 Ancient Protector
17:52 Ancient Protector
17:54 Ancient Protector
17:54 Ancient Protector
18:11 Ancient Protector
19:36 Ancient Protector
19:52 Ancient Protector
19:52 Ancient Protector
19:53 Ancient Protector
19:54 Ancient Protector
19:54 Ancient Protector
20:03 Ancient Protector
20:06 Ancient Protector
20:11 Ancient Protector
20:15 Ancient Protector
20:16 Ancient Protector
20:17 Ancient Protector
20:20 Ancient Protector
20:22 Ancient Protector
20:24 Ancient Protector
20:26 Ancient Protector
20:30 Ancient Protector
20:53 Ancient Protector
20:53 Ancient Protector
20:54 Ancient Protector
20:54 Ancient Protector
21:53 Altar of Elders
21:58 Ancient Protector
22:02 Ancient Protector
» items
| Potion of Healing | 3 | |
| Scroll of Town Portal | 1 | |
| Anti-magic Potion | 1 | |
5 total
Chat log
(00:04 / All) FLAMECHAMP-MVP: everybody?
(00:06 / All) Smile: this can't be good
(00:06 / All) NEW_TROLL_HERE: Ok
(00:07 / All) EA_Masterpiece: yeah
(00:09 / All) EA_Masterpiece: LOL
(00:11 / All) AngryBuildings: YOU MOTHERFUCKERS KNOW WHAT'S COMING
(00:13 / All) NEW_TROLL_HERE: So that's ruin and rod on one team
(00:16 / All) Smile: yeah...
(00:18 / All) NEW_TROLL_HERE: K
(00:22 / All) AngryBuildings: hey
(00:23 / All) AngryBuildings: mike
(00:24 / Allies) Chunknaxun: rush?
(00:24 / All) NEW_TROLL_HERE: Just makin sure I knows
(00:26 / All) AngryBuildings: guess what
(00:28 / All) EA_Masterpiece: We're actually playing.
(00:31 / All) AngryBuildings: better get a fucking zeppelin
(00:32 / All) EA_Masterpiece: wut
(00:34 / All) Smile: nex to each other?
(00:36 / All) EA_Masterpiece: lol
(00:41 / All) DeTikkeFortryde: Min ædelige min ædelige i de tikke fortryde
(00:43 / All) EA_Masterpiece: nah
(00:46 / All) EA_Masterpiece: we all just search at once
(00:46 / All) NEW_TROLL_HERE: in spirit, yes
(00:47 / All) Smile: because now i am going to bullshit
(00:48 / All) DeTikkeFortryde: jeg klager eden min vaande!
(00:48 / All) FLAMECHAMP-MVP: feed me pink i give u pics of my sister if u do
(00:59 / All) Smile: okay!
(01:02 / All) NEW_TROLL_HERE: lol
(01:05 / All) Chunknaxun: can u fuckin play?
(01:07 / All) EA_Masterpiece: you're 19-20
(01:07 / All) DeTikkeFortryde: You always promise that
(01:11 / All) EA_Masterpiece: so when you say "i'm not trying"
(01:12 / 5) FLAMECHAMP-MVP: do ur twilight zone stuff
(01:14 / All) EA_Masterpiece: it's kind of redundant
(01:15 / All) Smile: :D
(01:17 / 5) FLAMECHAMP-MVP: ur quoetes
(01:19 / All) Smile: that you are right
(01:25 / All) Smile: so just think how bad
(01:28 / All) Smile: i will be now
(01:29 / 6) DeTikkeFortryde: alright but I'll lower my APM by 30 by doing so to alt tab lol
(01:35 / All) NEW_TROLL_HERE: :\
(01:38 / All) EA_Masterpiece: ohsnap.jpg
(01:44 / All) EA_Masterpiece: looking at orange's base
(01:47 / All) EA_Masterpiece: probably not worse than him
(01:54 / All) Smile: wait why am i feeding an orc?
(02:06 / All) AngryBuildings: almost had you mike
(02:11 / All) AngryBuildings: walk away
(02:15 / All) FLAMECHAMP-MVP: kodo beasts and mass burrows is a costly process pink
(02:15 / All) EA_Masterpiece: lol
(02:16 / All) DeTikkeFortryde: I am Rod Serling, and this is the Twilight Zone. There is a fifth dimension beyond that which is known to man.
(02:29 / All) DeTikkeFortryde: It is a dimension as vast as space and as timeless as infinity.
(02:32 / All) Smile: I am ron sterling
(02:34 / All) Smile: the white fox
(02:38 / All) DeTikkeFortryde: It is the middle ground between light and shadow, between science and superstition
(02:56 / All) EA_Masterpiece: have any of you ever watched Home Run Derby before
(02:57 / All) DeTikkeFortryde: and it lies between the pit of man's fears and the summit of his knowledge
(02:57 / Allies) AngryBuildings: going crows
(02:57 / All) EA_Masterpiece: wow
(03:02 / All) EA_Masterpiece: That Harmon Kilebrew sure can hit the ball far
(03:05 / All) FLAMECHAMP-MVP: I got a restraining order on my hands, tried to hit on a mom at a gamestop store. it didn't go as planned
(03:12 / Allies) AngryBuildings: special tactics creeping right here
(03:19 / All) Smile: lol
(03:23 / All) FLAMECHAMP-MVP: that wench said i had hygiene problems
(03:24 / All) Smile: this is fun
(03:32 / All) Smile: you should have gave her a golden shower then
(03:34 / All) FLAMECHAMP-MVP: her kid had quite the potty mouth on him
(03:44 / All) DeTikkeFortryde: This is the dimension of imagination. It is an area which we call the Twilight Zone.
(03:45 / All) EA_Masterpiece: flamechamp
(03:52 / All) EA_Masterpiece: i like how you're talking about yourself
(03:54 / All) EA_Masterpiece: in the third person
(03:59 / Allies) AngryBuildings: i like your style pink
(04:00 / All) DeTikkeFortryde: `Flamechamp told me to do Twilight Zone quotes but it lowers my APM by 40
(04:03 / Allies) AngryBuildings: er
(04:04 / Allies) AngryBuildings: purple
(04:07 / All) DeTikkeFortryde: just lost my hero alt tabbed lol
(04:11 / All) EA_Masterpiece: so does playing orc
(04:13 / All) EA_Masterpiece: but that's another story
(04:22 / All) FLAMECHAMP-MVP: i am the apprentice of ricethebackstab, my idol and kinsman, i have inherited his genes
(04:26 / Allies) Chunknaxun: red
(04:28 / Allies) DeTikkeFortryde: I always creep high level creeps on this map first
(04:30 / Allies) DeTikkeFortryde: to get fast lvl 3
(04:35 / Allies) AngryBuildings: just lost my ancient of war
(04:37 / Allies) AngryBuildings: rofl
(04:41 / All) EA_Masterpiece: lol
(04:41 / Allies) DeTikkeFortryde: well I lost my hero so we're equal
(04:46 / Allies) DeTikkeFortryde: this si why you don't alt tab wehn microing
(04:47 / All) FLAMECHAMP-MVP: she then called me a fat whale
(04:54 / Allies) AngryBuildings: i don't need that garbage building anyway
(04:54 / All) EA_Masterpiece: WILL THIS MADNESS NEVER END
(05:11 / All) Smile: dude the dark ranger bitches so much
(05:14 / All) Smile: i can't stand getting her
(05:27 / Allies) Chunknaxun: units?????
(05:33 / Allies) AngryBuildings: crows
(05:40 / All) FLAMECHAMP-MVP: i think i have multiple sclorosis, i cant build buildings on wc3 in a straight line
(05:47 / All) FLAMECHAMP-MVP: it takes me like 30 min to build a wall of towers
(05:56 / All) EA_Masterpiece: idk what your base is supposed to be
(05:56 / All) Smile: i just learned about that shit in my neuro psyc class
(06:00 / All) EA_Masterpiece: what
(06:05 / All) EA_Masterpiece: turtling?
(06:16 / All) FLAMECHAMP-MVP: these creeps are so ghey
(06:18 / All) NEW_TROLL_HERE: yeah that was som exceptionally awful pathing
(06:26 / All) NEW_TROLL_HERE: she just decides to walk around the vault for no reason
(06:27 / All) NEW_TROLL_HERE: wahh
(06:30 / All) DeTikkeFortryde: the creeps are easy too bad I was busy alt tabbing with twilight zone quotes
(06:31 / All) FLAMECHAMP-MVP: they are only good for races who dont need mana for heros, like undead
(06:46 / All) DeTikkeFortryde: my easiest creeping map with orc and hu
(06:53 / All) AngryBuildings: i cleared my creeps with my ancient of war
(07:02 / All) NEW_TROLL_HERE: that's what I did on friends
(07:03 / All) NEW_TROLL_HERE: *sniff*
(07:15 / All) DeTikkeFortryde: i liked to flamestriek the merc trees on friends and creep it with militia
(07:17 / All) DeTikkeFortryde: for fast lvl 3
(07:18 / All) Smile: lol teal
(07:20 / All) Smile: well done
(07:22 / All) Smile: well done
(07:22 / All) AngryBuildings: wow
(07:23 / All) AngryBuildings: so bm
(07:24 / All) FLAMECHAMP-MVP: i am a pro creep jacker pink
(07:24 / All) DeTikkeFortryde: and use critter trick for expoing with 1 hero and 3 footies
(07:25 / All) DeTikkeFortryde: plus eles
(07:33 / All) FLAMECHAMP-MVP: there ya go bud, i appreciate your admiration
(07:43 / Allies) Chunknaxun: take that mine red
(07:43 / All) Smile: thanks but the cloak
(07:46 / All) Smile: is yours
(07:47 / All) FLAMECHAMP-MVP: ill trade u a town portal for a cloak
(08:19 / All) FLAMECHAMP-MVP: i hope the other 3 players dont know we are associates, we have been very stealthily about it so far
(08:26 / All) EA_Masterpiece: SHUT UP
(08:31 / All) EA_Masterpiece: THEY'LL FIND OUT THIS IS ALL AN ELABORATE STAB
(08:33 / All) DeTikkeFortryde: Associates?
(08:35 / All) DeTikkeFortryde: what associates
(08:39 / All) AngryBuildings: you can say lovers
(08:42 / All) AngryBuildings: it's okay
(08:52 / All) NEW_TROLL_HERE: Well
(08:54 / Allies) AngryBuildings: hey purp
(08:56 / All) NEW_TROLL_HERE: We have been low on MVPs I guess
(08:56 / Allies) AngryBuildings: can u help
(09:01 / All) NEW_TROLL_HERE: *SNERK*
(09:02 / All) FLAMECHAMP-MVP: i wish we matched with human_wrath that guy has quit ethe mouth onhim
(09:07 / Allies) AngryBuildings: it's a demon hunter
(09:07 / Allies) DeTikkeFortryde: yeah
(09:10 / Allies) AngryBuildings: calm down yo
(10:03 / Allies) AngryBuildings: come take mana
(10:09 / All) FLAMECHAMP-MVP: ive been pissed people off lately , dont know why, are they upset at my overly abudant waistline?
(10:23 / All) FLAMECHAMP-MVP: im only a 56 size waist
(10:34 / All) FLAMECHAMP-MVP: my sister wont even talk to me
(10:58 / All) FLAMECHAMP-MVP: this is our territory red
(11:00 / All) FLAMECHAMP-MVP: back off
(11:01 / All) NEW_TROLL_HERE: Please consult our guide on "Dating Tips from Mudkars and DJ Orwell"
(11:07 / All) FLAMECHAMP-MVP: we got a toll booth up here
(11:21 / Allies) AngryBuildings: what
(11:21 / Allies) Chunknaxun: are u here red?
(11:22 / Allies) AngryBuildings: are you doing
(11:26 / All) NEW_TROLL_HERE: Oh what
(11:28 / All) NEW_TROLL_HERE: these creeps
(11:29 / All) NEW_TROLL_HERE: are nuts
(11:30 / All) NEW_TROLL_HERE: what
(11:36 / All) FLAMECHAMP-MVP: i got a hunt
(11:43 / All) AngryBuildings: i got an archer
(12:51 / All) EA_Masterpiece: Our sacred groove is being denigrated.
(13:00 / All) NEW_TROLL_HERE: Add water
(13:10 / All) NEW_TROLL_HERE: OH SHIIIIT
(13:15 / All) NEW_TROLL_HERE: GET OUT OF HERE JIM STERLINGS BROTHER
(13:15 / All) DeTikkeFortryde: You get that for trying to kill my peon earlier bro
(13:25 / All) FLAMECHAMP-MVP: WOOD PLZ
(13:29 / All) FLAMECHAMP-MVP: GOT A BLOOD FLOW PROBLEM
(13:30 / All) NEW_TROLL_HERE: WHY DON'T YOU GO GIVE VANQUISH MORE 5s
(13:42 / All) EA_Masterpiece: STFU NUB
(13:48 / All) EA_Masterpiece: I GIVE VANQUISH
(13:49 / All) EA_Masterpiece: 5
(13:52 / All) EA_Masterpiece: ONLY RATING I GIVE
(13:53 / All) AngryBuildings: OF 15
(13:54 / All) FLAMECHAMP-MVP: LOLZ
(14:10 / All) FLAMECHAMP-MVP: borderlands 2 is overrated, small ass world to explore
(14:16 / All) EA_Masterpiece: if you're playing a shooter
(14:18 / All) NEW_TROLL_HERE: Didn't care enough to play it
(14:21 / All) EA_Masterpiece: and your complaint is that the world is too small
(14:24 / All) EA_Masterpiece: then you're doing it wront
(14:31 / All) EA_Masterpiece: i hope that was worth it kruin
(14:36 / All) Smile: :D
(14:42 / All) FLAMECHAMP-MVP: how good an rpg= determined by world size and gameplay hours
(14:50 / All) EA_Masterpiece: oh fffs
(14:52 / All) AngryBuildings: of course
(14:57 / All) EA_Masterpiece: the extra f was deliberate
(15:04 / Allies) DeTikkeFortryde: anyone have an agi hero? I haev enough items for +9 agi
(15:09 / Allies) DeTikkeFortryde: useless to me
(15:10 / All) FLAMECHAMP-MVP: do u want an orc shop mr ghetto
(15:16 / All) FLAMECHAMP-MVP: rod tower ur side
(15:33 / Allies) Chunknaxun: wisp
(15:34 / All) FLAMECHAMP-MVP: pink is cool mangs
(15:47 / All) Smile: chyea
(16:02 / All) FLAMECHAMP-MVP: archers are kiling the dryads wtf
(16:07 / All) Smile: !!!!
(16:08 / All) FLAMECHAMP-MVP: we got a massacre over here
(16:11 / All) FLAMECHAMP-MVP: civil war
(16:12 / All) Smile: it is a rebellion!
(16:14 / All) FLAMECHAMP-MVP: south vs north
(16:21 / All) Smile: north won
(16:27 / All) EA_Masterpiece: yeah if you believe history books
(16:29 / All) EA_Masterpiece: like an idiot
(16:44 / Allies) Chunknaxun: go
(16:51 / All) FLAMECHAMP-MVP: are u saying abe lincoln was not a good man
(17:02 / All) EA_Masterpiece: what else is there to say
(17:41 / All) FLAMECHAMP-MVP: fall back rod!
(18:03 / All) DeTikkeFortryde: I need my footies to die
(18:16 / All) NEW_TROLL_HERE: EEKS I GUESS I DIED
(18:24 / All) FLAMECHAMP-MVP: my kodos will force a tp
(19:17 / All) EA_Masterpiece: yeah you pretty much deserve that
(19:23 / All) DeTikkeFortryde: What did he do?
(19:29 / All) NEW_TROLL_HERE: Suicided my army 5 minutes ago
(19:34 / All) EA_Masterpiece: completely tower the east side of the map
(19:38 / All) NEW_TROLL_HERE: For no particular reason
(19:56 / Allies) Chunknaxun: blue
(19:58 / Allies) Chunknaxun: wake up
(20:00 / All) NEW_TROLL_HERE: or
(20:02 / All) NEW_TROLL_HERE: that I guess
(20:02 / All) FLAMECHAMP-MVP: re ddown
(20:59 / All) FLAMECHAMP-MVP: why dont endurance aura affect ancients' movement
(21:09 / All) NEW_TROLL_HERE: Oh look pink
(21:11 / All) AngryBuildings: i love you guys
(21:13 / All) DeTikkeFortryde: they count as units instead of structures
(21:40 / All) DeTikkeFortryde: cloud doesn't work on them
(21:42 / All) Chunknaxun: LLLLLLLLOOOOL
(21:43 / All) NEW_TROLL_HERE: YOU SOHULD SUE HIM FOR THE STRATEGY
(21:43 / 5) FLAMECHAMP-MVP: stab oj if u want
(21:47 / 5) FLAMECHAMP-MVP: they wont care
(21:49 / 6) DeTikkeFortryde: k in a sec
(21:52 / All) EA_Masterpiece: okay yeah
(21:53 / All) EA_Masterpiece: im out
(21:53 / All) AngryBuildings: uh
(21:56 / All) Chunknaxun: this is not lord of the rings
(21:56 / All) AngryBuildings: that's my strategy
(21:59 / All) NEW_TROLL_HERE: awwwwwwwwwwwwwww
(22:00 / All) NEW_TROLL_HERE: Ok
(22:10 / All) EA_Masterpiece: this game is already over
(22:15 / All) EA_Masterpiece: even if it takes 50 minutes for you guys to kill this shit
(22:16 / All) DeTikkeFortryde: not yet
(22:18 / All) NEW_TROLL_HERE: I thought it was over
(22:23 / All) EA_Masterpiece: well
(22:23 / All) AngryBuildings: want me to transition into chims?
(22:24 / All) EA_Masterpiece: they're gonna stab
(22:25 / All) AngryBuildings: i still can
(22:37 / All) EA_Masterpiece: but anyway
(22:38 / All) AngryBuildings: i have the money
(22:40 / All) EA_Masterpiece: im not sticking around for it
(22:41 / All) EA_Masterpiece: so
(22:41 / All) EA_Masterpiece: gg
(22:43 / All) DeTikkeFortryde: gg
(22:46 / All) NEW_TROLL_HERE: kk
(22:46 / All) AngryBuildings: gg
(22:46 / All) EA_Masterpiece: hf
(22:48 / All) NEW_TROLL_HERE: later
(22:49 / All) EA_Masterpiece: if you need me
(22:50 / All) EA_Masterpiece: ill be somewhere
(23:06 / All) Smile: i will leave
(23:10 / All) Smile: After you attack
(23:15 / All) Smile: the towers
(23:19 / All) FLAMECHAMP-MVP: he is an enigma
(23:34 / All) NEW_TROLL_HERE: well
(23:46 / All) NEW_TROLL_HERE: i'm probably gonna go pass out.
(23:52 / All) NEW_TROLL_HERE: night all
(23:55 / All) DeTikkeFortryde: good night
(23:56 / All) AngryBuildings: good night
(23:58 / All) Smile: yeah this is boring
(24:10 / All) Smile: i'm attacking
(24:11 / Allies) Chunknaxun: yes purple?
(24:16 / Allies) DeTikkeFortryde: ja
(24:24 / Allies) DeTikkeFortryde: är du arg bror
(24:37 / All) Smile: gg
(24:49 / All) AngryBuildings: gg
(25:03 / Allies) AngryBuildings: rofl
(25:04 / All) FLAMECHAMP-MVP: i will leave as well
(25:21 / All) FLAMECHAMP-MVP: n64 #1